 Dungeon Crawl Stone Soup version 0.23-a0-386-g9c9d49f (webtiles) character file.

467 iamserjio the Nimble (level 6, 28/28 HPs)
             Began as a Felid Chaos Knight on Oct 28, 2018.
             Was a Plaything of Xom.
             Quit the game on level 8 of the Dungeon.
             The game lasted 00:15:09 (5972 turns).

iamserjio the Nimble (Felid Chaos Knight)           Turns: 5972, Time: 00:15:10

Health: 28/28      AC:  2    Str:  8    XL:     6   Next: 81%
Magic:  10/10      EV: 24    Int: 14    God:    Xom [.*....]
Gold:   281        SH:  0    Dex: 17    Spells: 3/9 levels left
                                        Lives:  0   Deaths: 2

rFire    . . .     SeeInvis +     - Unarmed
rCold    . . .     Gourm    .   (shield unavailable)
rNeg     . . .     Faith    .   (armour unavailable)
rPois    .         Spirit   .   (helmet unavailable)
rElec    .         Reflect  .   (cloak unavailable)
rCorr    .         Harm     .   (gloves unavailable)
MR       ++...                  (boots unavailable)
Stlth    ++++......             g - amulet of regeneration
HPRegen  0.49/turn              d - ring of protection from magic
MPRegen  0.12/turn              q - ring of protection from magic

@: quick
A: very small, no armour, no weapons or thrown items, stealth, claws 1, fangs 3,
see invisible, carnivore, speed 1, shaggy fur 2, slow metabolism 1, sharp paws
a: Renounce Religion


You were on level 8 of the Dungeon.
You worshipped Xom.
You were a plaything of Xom.
You were not hungry.

You visited 1 branch of the dungeon, and saw 8 of its levels.

You collected 377 gold pieces.
You spent 96 gold pieces at shops.

Inventory:

Missiles
 b - 127 arrows
Jewellery
 c - an uncursed amulet of magic regeneration {unknown}
 d - a ring of protection from magic (left paw)
 g - an amulet of regeneration (around neck)
 q - a ring of protection from magic (right paw)
Wands
 p - a wand of polymorph (5)
 t - a wand of random effects (38)
 u - a wand of digging (27)
Scrolls
 i - 2 scrolls of magic mapping {unknown}
 k - 2 scrolls of fog {unknown}
 l - a scroll of immolation {unknown}
 m - 5 scrolls of blinking {unknown}
 n - a scroll of amnesia
 o - 2 scrolls of remove curse {@r2}
 s - a scroll of fear
 w - a scroll of noise {unknown}
 x - 3 scrolls of enchant armour {unknown}
 y - a scroll of vulnerability
Potions
 e - a potion of haste
 f - a potion of might
 h - 4 potions of curing {@q1}
 j - a potion of flight
 r - a potion of brilliance
 v - a potion of cancellation
Comestibles
 a - 17 rations


   Skills:
 - Level 3.0 Fighting
 * Level 8.5 Dodging
 + Level 8.4 Stealth
 + Level 4.8 Unarmed Combat
 + Level 2.4 Spellcasting
 - Level 2.1 Charms
 - Level 1.0 Necromancy
 - Level 2.0 Translocations
 + Level 0.0 Evocations


You had 3 spell levels left.
You knew the following spells:

 Your Spells              Type           Power        Failure   Level  Hunger
a - Infusion              Chrm           #...         10%         1    #......
b - Shroud of Golubria    Chrm/Tloc      #.........   14%         2    ###....
c - Regeneration          Chrm/Necr      #.........   34%         3    ###....

Your spell library contained the following spells:

 Spells                   Type           Power        Failure   Level  Hunger
 Song of Slaying          Chrm           #.......     14%         2    ###....
 Spectral Weapon          Hex/Chrm       Unusable     N/A         3    N/A

Dungeon Overview and Level Annotations

Branches:
Dungeon (8/15)             Temple (0/1) D:6
   Lair: D:8-11

Altars:
Ashenzari
Gozag
Yredelemnul
The Shining One

Shops:
D:5 [   D:6 !

Annotations:
D:6 2 transporters
D:7 Noname's ghost, novice DgAE
D:8 Harold


Innate Abilities, Weirdness & Mutations

You cannot wear armour.
You are incapable of wielding weapons or throwing items.
Your paws allow you to move quietly. (Stealth)
You have sharp claws.
You have razor-sharp teeth.
You have supernaturally acute eyesight. (SInv)
You are carnivorous and can eat meat at any time.
You cover ground quickly.
You are covered in thick fur. (AC +2)
You have a slow metabolism.
Your sharp claws are effective at attacking unaware monsters.


Message History

Harold the Weathered comes into view.
He is wielding a +0 mace.
Found a thick blue amulet.
Found a scroll labeled VOBBEC UCUKI.
The helpless Harold fails to defend himself.
You eviscerate Harold!!! Harold hits you with a +0 mace!
You feel yourself speed up. Harold hits you with a +0 mace!!
Ouch! That really hurt!
You die...
Xom roars with laughter!
You are now level 6!
Xom thinks this is hilarious!
You rejoin the land of the living...
Found a robe.
Found a basalt altar of Yredelemnul.
Found 8 gold pieces.
You now have 281 gold pieces (gained 8).
Found a stone staircase leading down.
Harold throws a throwing net.
The throwing net completely misses you.
You see here a thick blue amulet.
c - a thick blue amulet Harold says, "This is so exciting!
What a great way to end my career!"

#......## ##)..#......
######.#.#.#†###.#./[.#
#..........##.#.##.#.###.#
#.####.#.###...###.#....o#
#.####.#.# #>###
#.#.......# #....#.#.# #.#
#.######### #....#.#.# #.#
...# ###....#.#.# #.#
.##.#
#....†.....###@##.##.#
#........@...........#
#....................#
###....##.#..o.....>..
.....##.##.(...##.##
#.....##.###...## #
##.......o..#..###
?....###..........
#♣..........#


You could see Harold and an orc warrior.

Vanquished Creatures
  Edmund (D:4)
  A necrophage (D:8)
  A sky beast (D:5)
  2 ogres
  2 centaurs
  Blork the orc (D:5)
  A bullfrog (D:6)
  A scorpion (D:4)
  A howler monkey (D:4)
  3 crimson imps
  A quasit (D:6)
  An orc priest (D:4)
  A hound (D:5)
  2 iguanas (D:6)
  6 worker ants
  A hound skeleton (D:7)
  A worker ant zombie (D:6)
  3 adders
  A shadow imp (D:6)
  An adder zombie (D:7)
  An ooze (D:3)
  An adder skeleton (D:7)
  2 worms
  A dart slug (D:2)
  A leopard gecko (D:5)
  15 orcs
  5 ball pythons
  5 giant cockroaches
  7 goblins
  3 hobgoblins
  3 jackals (D:7)
  7 kobolds
  2 quokkas
  4 bats
  11 frilled lizards
  2 goblin skeletons (D:6)
  4 hobgoblin zombies (D:6)
  A leopard gecko zombie (D:5)
  An orc zombie (D:6)
  A quokka zombie (D:6)
  6 rats
115 creatures vanquished.

Notes
Turn   | Place    | Note
-------+----------+-------------------------------------------
     0 | D:1      | iamserjio the Felid Chaos Knight began the quest for the
                  | Orb.
     0 | D:1      | Reached XP level 1. HP: 10/10 MP: 2/2
    56 | D:1      | Reached skill level 1 in Stealth
   444 | D:1      | Reached XP level 2. HP: 11/14 MP: 3/3
   446 | D:1      | XOM: smoke on damage
  1073 | D:2      | Found an opulent altar of Gozag.
  1080 | D:2      | XOM: divination: detect items
  1142 | D:2      | Reached XP level 3. HP: 17/17 MP: 4/4
  1549 | D:3      | XOM: noise
  1643 | D:3      | Reached XP level 4. HP: 21/21 MP: 5/5
  1679 | D:3      | Reached skill level 5 in Dodging
  1942 | D:4      | Noticed an ogre
  1948 | D:4      | XOM: butterfly on damage
  2152 | D:4      | You fall through a shaft for 2 floors!
  2153 | D:6      | Noticed a bullfrog
  2157 | D:6      | Reached XP level 5. HP: 24/24 MP: 6/6
  2194 | D:6      | XOM: enchant monster (bad)
  2195 | D:6      | Reached skill level 5 in Stealth
  2340 | D:6      | Found Ifinweg's Distillery.
  2344 | D:6      | Bought a potion of flight for 36 gold pieces
  2344 | D:6      | Bought a potion of berserk rage for 60 gold pieces
  2357 | D:6      | Noticed a centaur
  2362 | D:6      | Killed a centaur
  2362 | D:6      | Gained mutation: You are covered in thick fur. (AC +2)
                  | [Felid growth]
  2362 | D:6      | Reached XP level 6. HP: 25/28 MP: 7/7
  2401 | D:6      | XOM: harmless Erth miscast
  2425 | D:6      | Learned a level 1 spell: Infusion
  2428 | D:6      | Learned a level 2 spell: Shroud of Golubria
  2500 | D:6      | Found a glowing golden altar of the Shining One.
  2511 | D:6      | XOM: smoke on damage
  2595 | D:6      | Reached skill level 1 in Translocations
  2651 | D:6      | Found a transporter.
  2770 | D:6      | XOM: harmless Pois miscast
  2890 | D:6      | Found a transporter.
  2890 | D:6      | Noticed a fire bat
  2891 | D:6      | Noticed a fire bat
  2893 | D:6      | Noticed a fire bat
  2967 | D:6      | Reached skill level 1 in Charms
  2967 | D:6      | Reached XP level 7. HP: 31/31 MP: 2/9
  3035 | D:6      | Found a staircase to the Ecumenical Temple.
  3118 | D:5      | Entered Level 5 of the Dungeon
  3159 | D:5      | Noticed Blork the orc
  3174 | D:5      | Killed Blork the orc
  3223 | D:5      | XOM: potion effect (invisibility)
  3230 | D:5      | Reached skill level 1 in Spellcasting
  3247 | D:5      | XOM: confuse monster(s)
  3395 | D:5      | Found Wihauphe's Antique Armour Boutique.
  3509 | D:5      | Learned a level 3 spell: Regeneration
  3576 | D:5      | XOM: potion effect (agility)
  3580 | D:5      | XOM: potion effect (might)
  3835 | D:5      | XOM: harmless Ice miscast
  3981 | D:4      | Noticed Edmund
  3985 | D:4      | XOM: potion effect (agility)
  4004 | D:4      | XOM: cast spell 'Call Canine Familiar'
  4016 | D:4      | Killed Edmund
  4143 | D:4      | XOM: potion effect (invisibility)
  4157 | D:4      | Slain by an ogre
  4158 | D:4      | Reached XP level 6. HP: -2/28 MP: 9/9
  4198 | D:4      | XOM: potion effect (haste)
  4203 | D:4      | XOM: divination: detect items
  4240 | D:4      | Reached XP level 7. HP: 22/31 MP: 10/10
  4311 | D:4      | XOM: silly message
  4979 | D:7      | XOM: noise
  4980 | D:7      | Found a glowing golden altar of the Shining One.
  4981 | D:7      | Found a shattered altar of Ashenzari.
  5145 | D:7      | XOM: 5-stop teleportation journey
  5318 | D:7      | Found a large runed door.
  5318 | D:7      | Found a large runed door.
  5319 | D:7      | Noticed Noname's ghost (novice DgAE)
  5785 | D:7      | XOM: divination: detect creatures
  5814 | D:7      | XOM: butterfly on damage
  5831 | D:7      | XOM: harmless Air miscast
  5837 | D:7      | XOM: cast spell 'Death Channel'
  5883 | D:8      | Reached skill level 1 in Necromancy
  5899 | D:8      | XOM: smoke on damage
  5944 | D:8      | Noticed Harold
  5951 | D:8      | Mangled by Harold
  5952 | D:8      | Reached XP level 6. HP: -7/28 MP: 10/10
  5952 | D:8      | Found a basalt altar of Yredelemnul.
  5972 | D:8      | Quit the game

Vault maps used:
D:1:      minmay_arrival_floating_metal, kennysheep_pointless_box,
          minmay_domino_2
D:2:      first_ration, chequers_decorated_corner, nrook_loot_triangle,
          nicolae_gozag_seed_capital
D:4:      uniq_edmund
D:5:      serial_shops, kennysheep_mini_moat, uniq_blork_the_orc
D:6:      gammafunk_cloud_chamber, minmay_temple_entry_mist, serial_shops,
          kennysheep_little_box, nicolae_tso_besieged_by_evil
D:7:      grunt_temple_overflow_open, ebering_ghost_disaster_area,
          chequers_serial_rivers_room_b
D:8:      kennysheep_ying_yang, uniq_harold

Skill      XL: |  1  2  3  4  5  6  7 |
---------------+----------------------+-----
Stealth        | 1 2 3 4 5 6 8 |  8.4
Dodging        | 4 5 6 8 |  8.5
Translocations | 1 2 |  2.0
Charms         | 1 2 |  2.1
Unarmed Combat | 4 |  4.8
Spellcasting   | 2 |  2.4
Necromancy     | 1 |  1.0
Fighting       | |  3.0

Action                   |  1- 3 |  4- 6 |  7- 9 || total
-------------------------+-------+-------+-------++-------
Melee: Unarmed           |   141 |   135 |   174 ||   450
       Bite              |     8 |    12 |    21 ||    41
       Punch             |       |     2 |       ||     2
 Cast: Infusion          |       |     5 |    12 ||    17
       Shroud of Golubri |       |     1 |     7 ||     8
       Regeneration      |       |       |     1 ||     1
Evoke: Wand              |       |     9 |     6 ||    15
  Use: Potion            |       |     2 |     2 ||     4
       Scroll            |       |       |     7 ||     7
 Stab: Sleeping          |    10 |     9 |    11 ||    30
       Paralysed         |       |     1 |       ||     1
       Distracted        |       |       |     3 ||     3
       Invisible         |       |       |     2 ||     2
       Confused          |       |       |     1 ||     1
  Eat: Chunk             |     9 |     6 |     7 ||    22
Armor: Skin              |     4 |    12 |     3 ||    19
Dodge: Dodged            |   124 |   163 |   127 ||   414

Table legend:
 A = Non-vault XP
 B = Vault XP
 C = Vault XP percentage of total XP
 D = Non-vault monster count
 E = Vault monster count
 F = Vault count percentage of total count
                 A         B        C        D         E       F
            +---------+---------+-------+---------+---------+-------
      Total |    1675 |     282 |  14.4 |     103 |      12 |  10.4
            +---------+---------+-------+---------+---------+-------
        D:1 |      21 |       2 |   8.7 |      15 |       2 |  11.8
        D:2 |      43 |       0 |   0.0 |      17 |       0 |   0.0
        D:3 |      63 |       0 |   0.0 |      22 |       0 |   0.0
        D:4 |     343 |     133 |  27.9 |      14 |       1 |   6.7
        D:5 |     368 |      94 |  20.3 |       9 |       1 |  10.0
        D:6 |     518 |      53 |   9.3 |      15 |       8 |  34.8
        D:7 |     192 |       0 |   0.0 |       9 |       0 |   0.0
        D:8 |     127 |       0 |   0.0 |       2 |       0 |   0.0
            +---------+---------+-------+---------+---------+-------
